 Dungeon Crawl Stone Soup version 0.29.1-1-gd02db6906a (webtiles) character file.

Game seed: 14240804911914834058

27725 Kaiern the Nimble (level 13, 0/95 HPs)
             Began as an Octopode Summoner on Oct 7, 2022.
             Was an Initiate of Gozag.
             Slain by a komodo dragon (21 damage)
             ... on level 4 of the Lair of Beasts.
             The game lasted 01:33:52 (19476 turns).

Kaiern the Nimble (Octopode Summoner)              Turns: 19476, Time: 01:33:52

Health: 0/95       AC:  1    Str: 17    XL:     13   Next: 34%
Magic:  7/27       EV: 23    Int: 34    God:    Gozag
Gold:   1858       SH:  0    Dex: 24    Spells: 20/33 levels left

rFire   . . .      SeeInvis .   s - +2 sling (chaos)
rCold   . . .      Faith    .   (no shield)
rNeg    . . .      Spirit   .   (helmet restricted)
rPois   +          Reflect  .   (no amulet)
rElec   .          Harm     .   e - +6 ring of intelligence
rCorr   .          Rampage  .   l - +6 ring of strength
Will    +....                   m - +6 ring of dexterity
Stlth   ++++......              w - +6 ring of intelligence
HPRegen 0.25/turn               D - ring of poison resistance
MPRegen 0.20/turn               A - ring "Ussoabyz" {Will+ Str+3 Dex+6}
                                (no ring)
                                (no ring)

@: no status effects
A: almost no armour, amphibious, 8 rings, camouflage 1, gelatinous body 1,
(nimble swimmer 1), tentacles
a: Renounce Religion, Potion Petition, Call Merchant, Bribe Branch


You were on level 4 of the Lair of Beasts.
You worshipped Gozag.
Gozag was most pleased with you.
You visited 4 branches of the dungeon, and saw 18 of its levels.

You collected 3258 gold pieces.
You spent 658 gold pieces at shops.
You paid 742 gold pieces to Gozag.

Inventory:

Hand Weapons
 s - a +2 sling of chaos (weapon)
 C - the +4 spear of Checks and Balances {elec, rCorr}
   (You found it on level 2 of the Lair of Beasts)

   It occasionally discharges a powerful burst of electricity upon striking a
   foe.
   rCorr:     It protects you from acid and corrosion.
Jewellery
 e - a +6 ring of intelligence (left tentacle)
 l - a +6 ring of strength (right tentacle)
 m - a +6 ring of dexterity (on tentacle)
 w - a +6 ring of intelligence (on tentacle)
 z - an amulet of guardian spirit
 A - the ring "Ussoabyz" (on tentacle) {Will+ Str+3 Dex+6}
   (You bought it in a shop on level 1 of the Lair of Beasts)

   [ring of dexterity]

   Str:       It affects your strength (+3).
   Dex:       It affects your dexterity (+6).
   Will:      It increases your willpower.
 D - a ring of poison resistance (on tentacle)
Wands
 k - a wand of mindburst (16)
 E - a wand of polymorph (11)
 F - a wand of acid (5)
 G - a wand of paralysis (2)
Scrolls
 d - 4 scrolls of vulnerability
 g - a scroll of magic mapping
 n - a scroll of fear
 o - a scroll of blinking
 q - a scroll of enchant armour
 r - 4 scrolls of identify
 u - a scroll of amnesia
 y - 4 scrolls of immolation
 I - a scroll of fog
 J - a scroll of acquirement {unknown}
Potions
 a - 2 potions of magic
 b - 4 potions of berserk rage
 c - 2 potions of lignification
 f - a potion of curing
 h - 2 potions of degeneration
 i - 4 potions of attraction
 j - 6 potions of mutation
 p - 2 potions of haste
 t - 2 potions of brilliance
 v - 2 potions of might {unknown}
 x - a potion of cancellation
 B - a potion of flight
Miscellaneous
 H - a phial of floods


   Skills:
 + Level 11.0 Fighting
 + Level 11.6 Dodging
 - Level 5.0 Stealth
 + Level 10.7 Spellcasting
 - Level 3.2 Hexes
 - Level 10.0 Summonings
 - Level 6.0 Air Magic


You had 20 spell levels left.
You knew the following spells:

 Your Spells              Type           Power      Damage    Failure   Level
a - Summon Small Mammal   Summ           100%       N/A       1%          1
b - Call Imp              Summ           72%        N/A       1%          2
c - Call Canine Familiar  Summ           72%        N/A       1%          3
d - Summon Guardian Gole  Hex/Summ       59%        N/A       1%          3
e - Summon Lightning Spi  Summ/Air       64%        N/A       1%          4

Your spell library contained the following spells:

 Spells                   Type           Power      Damage    Failure   Level
 Slow                     Hex            100%       N/A       1%          1
 Poisonous Vapours        Pois/Air       76%        N/A       1%          2
 Confusing Touch          Hex            40%        N/A       1%          3
 Beastly Appendage        Tmut           36%        N/A       2%          1
 Wereblood                Tmut           18%        N/A       3%          2
 Spider Form              Tmut/Pois      18%        N/A       8%          3
 Vampiric Draining        Necr           18%        2d7       8%          3
 Corpse Rot               Necr/Pois/Air  Unusable   N/A       N/A         4

Dungeon Overview and Level Annotations

Branches:
Dungeon (10/15)            Temple (1/1) D:6            Lair (5/5) D:9
 Shoals (0/4) Lair:2        Snake (0/4) Lair:2        Slime (0/5) Lair:4
    Orc (2/2) D:9
    Elf: Orc:2

Altars:
Ashenzari
Cheibriados
Dithmenos
Elyvilon
Fedhas
Gozag
Hepliaklqana
Kikubaaqudgha
Makhleb
Nemelex Xobeh
Okawaru
Qazlal
Ru
Sif Muna
Trog
Uskayaw
Vehumet
Wu Jian
Xom
Yredelemnul
The Shining One
Jiyva

Shops:
D:1 [   Lair:1 =

Annotations:
D:5 Blork the orc
D:10 Amaemon


Innate Abilities, Weirdness & Mutations

You cannot wear most types of armour.
You are amphibious.
You can wear up to eight rings at the same time.
Your skin changes colour to match your surroundings (Stealth+).
Your rubbery body absorbs attacks. (AC +1, EV +1)
((You are camouflaged when in or above water. (Stealth+)))
You have tentacles for arms and can constrict up to eight enemies at once.


Message History

The komodo dragon barely misses your warg.
Your crimson imp hits the komodo dragon.
Your lightning spire disappears in a puff of smoke!
Your warg bites the komodo dragon.
The komodo dragon bites your warg!
Your crimson imp hits the komodo dragon but does no damage.
Your warg closely misses the komodo dragon.
The komodo dragon bites your crimson imp!!
Your crimson imp dies!
Your crimson imp disappears in a puff of smoke!
Your warg bites the komodo dragon but does no damage.
Your guardian golem is engulfed in blazing flames.
A komodo dragon comes into view.
Your warg bites the komodo dragon but does no damage.
The komodo dragon is distracted by your dazzling golden aura.
You are too injured to fight recklessly!
Unknown command.
Your warg bites the komodo dragon!
The komodo dragon is no longer distracted by gold.
The komodo dragon bites your warg!!
Your warg dies!
Your warg's corpse disappears in a puff of smoke!
The komodo dragon hisses angrily.
The komodo dragon bites you!
The komodo dragon attacks as you move away!
The komodo dragon bites you!
* * * LOW HITPOINT WARNING * * *
You feel better. The komodo dragon barely misses you.
There is a stone staircase leading up here.
The komodo dragon closely misses you.
You climb upwards.
There is a stone staircase leading down here.
Casting: Summon Guardian Golem (safe; 1% risk of failure)
Confirm with . or Enter, or press ? or * to list all spells.
The komodo dragon completely misses you.
Casting: Call Canine Familiar (safe; 1% risk of failure)
Confirm with . or Enter, or press ? or * to list all spells.
A beastly little devil appears in a puff of frigid air.
The komodo dragon bites you!!
You die...
Your body crumbles into a pile of gold.

.................................
.................................
....##.#.#.#.....................
....#.##.####....................
..^..###.####....................
....#.#...##.....................
.....#.....#....>................
................l##############♣♣
.....#..#.#.#...@#♣♣.........♣♣♣♣
.....####.###..h5#♣..............
......P.P.#......#...~~~...♣♣♣...
.................#8[~~~~~.♣♣ ♣♣♣.
.................##########♣♣####
.................#8~~~#~~~.......
.................#~~~~~~~....♣...
.................#~~~..........♣♣
.................#~~...........♣.


You could see a komodo dragon (ally target), a friendly warg (summoned) and a
friendly white imp (summoned).

Vanquished Creatures
  2 cane toads
  A hornet (Lair:4)
  4 blink frogs
  2 yaks
  Eustachio (D:5)
  3 water moccasins
  A black bear (D:5)
  3 wolves
  2 bullfrogs (Lair:1)
  2 scorpions
  A wight (D:6)
  2 hounds
  A jelly (D:3)
  A hound zombie (D:4)
  2 adders
  A white imp (D:5)
  A worm (D:5)
  9 orcs
  An endoplasm (D:4)
  2 goblins
  A jackal (D:2)
  2 kobolds
  2 quokkas
  A ball python (D:3)
  3 frilled lizards
  2 rats (D:1)
53 creatures vanquished.

Vanquished Creatures (collateral kills)
  A hydra (Lair:4)
  A harpy (Lair:5)
  A manticore (Lair:5)
  Joseph (D:9)
  2 elephants (Lair:3)
  A black mamba (Lair:4)
  4 cane toads
  3 rime drakes
  6 komodo dragons
  A troll (Orc:1)
  2 polar bears (Lair:3)
  2 wind drakes (Lair:5)
  A hornet (Lair:4)
  9 blink frogs
  11 dream sheep (Lair:4)
  10 yaks
  A wyvern (Lair:1)
  Grum (Lair:1)
  2 steam dragons
  A naga (Lair:2)
  2 wargs
  6 water moccasins
  6 orc warriors
  2 black bears (Lair:4)
  9 wolves
  5 ogres
  2 centaurs
  A kobold brigand (D:5)
  7 bullfrogs
  2 necrophages (D:6)
  A scorpion (D:5)
  4 wights
  Dowan (D:5)
  A killer bee (D:10)
  An electric eel (Lair:2)
  A jelly (D:8)
  A hound (D:7)
  8 orc priests
  8 orc wizards
  A scorpion zombie (D:4)
  An iguana (D:7)
  A hound zombie (D:4)
  4 gnolls (D:7)
  7 adders
  A shadow imp (D:7)
  3 white imps
  An adder zombie (D:4)
  2 worms
  2 dart slugs
  54 orcs
  6 bats
  4 endoplasms (D:3)
  6 giant cockroaches
  6 goblins
  5 hobgoblins
  8 jackals
  A quokka (D:2)
  2 ball pythons
  5 frilled lizards
  13 kobolds
  6 rats
268 creatures vanquished.

Vanquished Creatures (others)
  A hydra (Lair:3)
  A lindwurm (Lair:4)
  2 elephants (Lair:3)
  A troll (D:7)
  A blink frog (Lair:5)
  4 yaks
  2 nagas (Lair:2)
  Duvessa (D:5)
  3 orc warriors
  4 wolves
  5 wights
  4 killer bees (D:10)
  An orc priest (D:9)
  2 iguanas
  2 orc wizards (D:6)
  8 orcs
  29 fungi
  134 plants
205 creatures vanquished.

Grand Total: 526 creatures vanquished

Notes
Turn   | Place    | Note
-------+----------+-------------------------------------------
     0 | D:1      | Kaiern the Octopode Summoner began the quest for the Orb.
     0 | D:1      | Reached XP level 1. HP: 11/11 MP: 3/3
   358 | D:1      | Reached XP level 2. HP: 17/17 MP: 1/5
   361 | D:1      | Learned a level 2 spell: Call Imp
   472 | D:1      | Found Zudiegur's Armour Emporium.
  1181 | D:2      | Reached XP level 3. HP: 21/21 MP: 6/6
  1205 | D:2      | Learned a level 3 spell: Call Canine Familiar
  1547 | D:2      | Found an ornate altar of the Wu Jian Council.
  1762 | D:3      | Reached XP level 4. HP: 26/27 MP: 2/7
  1926 | D:3      | Found a sparkling altar of Nemelex Xobeh.
  1959 | D:3      | Found a white marble altar of Elyvilon.
  2475 | D:3      | Reached XP level 5. HP: 31/31 MP: 2/9
  2540 | D:3      | Identified the +4 scale mail of the Black Moon {Str+5
                  | Int+6}
  2677 | D:3      | You fall into a shaft and drop 2 floors!
  2677 | D:5      | Entered Level 5 of the Dungeon
  2689 | D:5      | Noticed Blork the orc
  2689 | D:5      | Noticed an ogre
  2714 | D:4      | Found a hide-covered altar of Uskayaw.
  3020 | D:4      | Found a sacrificial altar of Ru.
  3077 | D:4      | Noticed an ogre
  3084 | D:4      | Killed an ogre
  3085 | D:4      | Reached skill level 5 in Stealth
  3085 | D:4      | Reached XP level 6. HP: 36/36 MP: 4/11
  3092 | D:4      | Learned a level 3 spell: Summon Guardian Golem
  3131 | D:4      | Found a basalt altar of Yredelemnul.
  3138 | D:4      | Reached skill level 5 in Summonings
  3216 | D:4      | Found a shadowy altar of Dithmenos.
  3850 | D:4      | Reached skill level 1 in Fighting
  3850 | D:4      | Reached skill level 1 in Hexes
  4130 | D:5      | Reached XP level 7. HP: 42/43 MP: 4/12
  4399 | D:5      | Found a stormy altar of Qazlal.
  4526 | D:5      | Noticed Duvessa
  4526 | D:5      | Noticed Dowan
  4537 | D:5      | Killed Dowan
  4548 | D:5      | Killed Duvessa
  4549 | D:5      | Reached XP level 8. HP: 31/51 MP: 8/14
  4925 | D:6      | Found a staircase to the Ecumenical Temple.
  4931 | Temple   | Entered the Ecumenical Temple
  5049 | Temple   | Became a worshipper of Gozag Ym Sagoz the Greedy
  5287 | D:5      | Noticed Eustachio
  5320 | D:5      | Killed Eustachio
  5321 | D:5      | Reached skill level 5 in Dodging
  5383 | D:5      | Learned a level 4 spell: Summon Lightning Spire
  6194 | D:6      | Reached skill level 1 in Air Magic
  6457 | D:6      | Reached skill level 5 in Spellcasting
  6617 | D:6      | Reached XP level 9. HP: 58/58 MP: 11/16
  6992 | D:7      | Noticed a troll
  7424 | D:7      | Killed a troll
  8102 | D:7      | Found a shimmering blue altar of Sif Muna.
  8870 | D:8      | Found a hazy altar of Hepliaklqana.
  8873 | D:8      | Found a bloodstained altar of Trog.
  9396 | D:8      | Reached skill level 5 in Air Magic
  9396 | D:8      | Reached XP level 10. HP: 71/71 MP: 17/21
 10140 | D:9      | Found a staircase to the Lair.
 10219 | D:9      | Reached XP level 11. HP: 47/75 MP: 16/22
 10626 | D:9      | Found a staircase to the Orcish Mines.
 10628 | D:9      | Noticed Joseph
 10641 | D:9      | Killed Joseph
 11145 | D:10     | Entered Level 10 of the Dungeon
 11264 | D:10     | Found a snail-covered altar of Cheibriados.
 11284 | D:10     | Noticed Amaemon
 11466 | Lair:1   | Entered Level 1 of the Lair of Beasts
 11542 | Lair:1   | Noticed Grum
 11550 | Lair:1   | Killed Grum
 11865 | Lair:1   | Found a hazy altar of Hepliaklqana.
 13039 | Lair:2   | Found a staircase to the Snake Pit.
 13077 | Lair:1   | Bought the ring "Ussoabyz" {Will+ Str+3 Dex+6} for 658 gold
                  | pieces
 13236 | Lair:2   | Found a staircase to the Shoals.
 14400 | Lair:2   | Identified the +4 spear of Checks and Balances {elec,
                  | rCorr}
 14757 | Lair:3   | Reached skill level 10 in Summonings
 14770 | Lair:3   | Reached XP level 12. HP: 84/84 MP: 11/24
 14879 | Lair:3   | Noticed a five-headed hydra
 14888 | Lair:3   | Killed a five-headed hydra
 14958 | Lair:3   | Reached skill level 10 in Dodging
 15275 | Lair:3   | You fall into a shaft and drop 2 floors!
 15275 | Lair:5   | Entered Level 5 of the Lair of Beasts
 15305 | Lair:4   | Found a viscous altar of Jiyva.
 15305 | Lair:4   | Found a staircase to the Slime Pits.
 15444 | Lair:4   | Identified the +3 flail of Xeojaq {spect, Fragile Dex+6}
 16633 | Orc:1    | Entered Level 1 of the Orcish Mines
 16655 | Orc:1    | Reached skill level 10 in Fighting
 16839 | Orc:2    | Entered Level 2 of the Orcish Mines
 16899 | Orc:2    | Reached skill level 10 in Spellcasting
 17217 | Orc:2    | Noticed an orc high priest
 17834 | Lair:4   | Identified the +1 robe "Tirourpha" {Drain rC+++ Regen+
                  | Stlth+}
 17945 | Lair:4   | Reached XP level 13. HP: 93/93 MP: 10/27
 18216 | Lair:4   | Identified the +2 troll leather armour of the Orb {rF+ rC+
                  | Regen+ Int+2}
 19476 | Lair:4   | Slain by a komodo dragon

Illustrated notes

Levels and vault maps discovered:
D:1:      dpeg_arrival_tiny_f, layout_basic, serial_shops, shop
D:2:      layout_loops_ring, basic_altar, minmay_surrounded
D:3:      minmay_bubble_buster, layout_basic, elyvilon_altar_5,
          nemelex_dance_club_becter, minmay_close_crescents
D:4:      layout_basic, nicolae_ru_great_annihilating_truth,
          mainiacjoe_overflow_concentric_impassable,
          nicolae_dithmenos_through_a_glass_darkly,
          nicolae_yredelemnul_corpse_copse
D:5:      layout_cave_pods, nicolae_qazlal_general_emergency, enter_ossuary_2,
          uniq_duvessa, uniq_eustachio, uniq_blork_the_orc
D:6:      layout_basic, minmay_temple_entry_enclosed_plants
D:7:      layout_cave_pods, kennysheep_mini, nrook_loot_triangle,
          hangedman_decor_clover_reticule, serial_bayou_lagoon_a
D:8:      layout_loops_cross, grunt_temple_overflow_open, minivault_11,
          serial_bayou_pond_e
D:9:      layout_roguey [special_room_orc], dpeg_oklobed_lair, david_orc_2,
          grunt_decor_cap, minivault_22, item_on_display_a, uniq_joseph
D:10:     layout_roguey, mainiacjoe_overflow_paths, kennysheep_slug_shrine,
          uniq_amaemon
Temple:   compressed_dpeg_circular_temple
Lair:1:   beast_lair_carwin_large_1, layout_long_grid, basic_altar,
          grunt_megastairs_2, uniq_grum
Lair:2:   layout_regular_city, elwin_shoals_entry_rocks,
          minmay_snake_entry_guardpost_small, serial_bayou_shore_b
Lair:3:   layout_chaotic_city, serial_bayou_pond_b
Lair:4:   cheibrodos_lair_overgrown_chateau, layout_regular_city, slime_entry_1,
          chequers_serial_rivers_room_b, lemuel_fruit_tree
Lair:5:   gammafunk_lair_ancient_temple, layout_long_grid, serial_bayou_shore_b
Orc:1:    layout_caves
Orc:2:    grunt_orc_cross, layout_caves, enter_volcano_2

Skill      XL: |  1  2  3  4  5  6  7  8  9 10 11 12 13 |
---------------+----------------------------------------+-----
Stealth        | 3 4 5 |  5.0
Dodging        | 3 4 5 8 9 11 | 11.6
Spellcasting   | 3 4 5 7 8 10 | 10.7
Summonings     | 5 6 8 10 | 10.0
Fighting       | 1 2 3 7 8 10 11 | 11.0
Hexes          | 1 2 3 |  3.2
Air Magic      | 1 5 6 |  6.0

Action                   |  1- 3 |  4- 6 |  7- 9 | 10-12 | 13-15 || total
-------------------------+-------+-------+-------+-------+-------++-------
Melee: Unarmed           |    28 |     7 |       |       |       ||    35
       Constrict         |    10 |     2 |       |       |       ||    12
       Tentacles         |     6 |     1 |       |       |       ||     7
       Sling             |       |       |     2 |       |       ||     2
 Fire: Sling             |       |    37 |    71 |   129 |    30 ||   267
 Cast: Summon Small Mamm |    21 |     5 |    17 |     3 |       ||    46
       Call Imp          |    12 |    15 |    20 |    40 |     9 ||    96
       Call Canine Famil |     4 |    17 |    28 |    45 |    15 ||   109
       Summon Guardian G |       |       |    26 |    50 |    20 ||    96
       Summon Lightning  |       |       |     7 |    43 |    13 ||    63
Invok: Call Merchant     |       |       |       |     1 |       ||     1
  Use: Scroll            |       |     8 |    15 |     5 |       ||    28
       Potion            |       |       |     2 |     2 |     2 ||     6
 Stab: Sleeping          |     3 |     1 |       |       |       ||     4
Armor: Skin              |     2 |     5 |       |     4 |       ||    11
Dodge: Dodged            |    23 |    32 |    35 |    98 |    39 ||   227
